 Dungeon Crawl Stone Soup version 0.16-a0-2093-g8c923f7 (webtiles) character file.

81 PolkaDot the Caller (level 4, -6/33 HPs)
             Began as a Vampire Summoner on Nov 13, 2014.
             Killed from afar by Ijyb (14 damage)
             ... with a wand of flame
             ... on level 2 of the Dungeon.
             The game lasted 00:05:53 (1571 turns).

PolkaDot the Caller (Vampire Summoner)              Turns: 1571, Time: 00:05:53

Health: -6/33      AC:  3    Str: 12    XL:     4   Next: 20%
Magic:  4/7        EV: 12    Int: 13    God:
Gold:   67         SH:  0    Dex: 14    Spells: 3 memorised, 1 level left

rFire  . . .     SeeInvis +     g - +0 spear
rCold  . . .     Clarity  .     a - +0 robe
rNeg   . . .     SustAb   .     (no shield)
rPois  .         Gourm    .     (no helmet)
rElec  .         Spirit   .     (no cloak)
rCorr  .         Warding  .     (no gloves)
rMut   .         Stasis   .     e - +0 pair of boots
MR     .....                    (no amulet)
Stlth  ++........               (no ring)
                                c - -5 ring of intelligence (curse)

@: mighty, regenerating quickly, not resistant to hostile enchantments,
unstealthy
A: fangs 3, see invisible, unbreathing
a: no special abilities


You were on level 2 of the Dungeon.
You were very full.

You visited 1 branch of the dungeon, and saw 2 of its levels.

You collected 67 gold pieces.

Inventory:

Hand weapons
 g - a +0 spear (weapon)
Armour
 a - a +0 robe (worn)
 e - a +0 pair of boots (worn)
Jewellery
 c - a cursed -5 ring of intelligence (left hand)
 h - a +3 ring of evasion {unknown}
Scrolls
 d - 3 scrolls of identify
 f - a scroll of blinking
 j - a scroll of remove curse {unknown}
Books
 b - a book of Callings

   Spells                             Type                      Level
   *Summon Small Mammal               Summoning                    1
   *Call Imp                          Summoning                    2
   *Call Canine Familiar              Summoning                    3
   Summon Guardian Golem              Hexes/Summoning              4
   Summon Lightning Spire             Summoning/Air                4
   Summon Ice Beast                   Ice/Summoning                4


   Skills:
 * Level 1.8 Fighting
 - Level 2.1 Dodging
 - Level 3.0 Stealth
 - Level 2.0 Spellcasting
 + Level 5.2 Summonings


You had one spell level left.
You knew the following spells:

 Your Spells              Type           Power        Failure   Level  Hunger
a - Summon Small Mammal   Summ           ##..         3%          1    ##.....
d - Call Canine Familiar  Summ           ##......     12%         3    ####...
s - Call Imp              Summ           ##......     6%          2    ###....


Dungeon Overview and Level Annotations

Branches:
Dungeon (2/15)

Altars:

Annotations:
D:2 Ijyb


Innate Abilities, Weirdness & Mutations

Your natural rate of healing is unusually fast.
You have razor-sharp teeth.
You have supernaturally acute eyesight.
You can survive without breathing.


Message History

Ijyb grins evilly.
Ijyb zaps a wand.
The puff of flame misses your hound. The puff of flame hits you!
* * * LOW HITPOINT WARNING * * *
Your hound bites Ijyb but does no damage.
Ijyb zaps a wand.
The puff of flame hits your hound.
Your hound bites Ijyb.
Drink which item? (? for menu, Esc to quit)
You feel very mighty all of a sudden.
It was a potion of might.
Your hound pauses to sniff the ground.
Your hound bites Ijyb.
Ijyb zaps a wand.
The puff of flame hits your hound.
Your hound dies!
Your hound's corpse disappears in a puff of smoke!
Attack whom?
Press: ? - help, Dir - move target cursor, f - Ijyb
Aim: Ijyb, wielding a dagger, wearing a leather armour and carrying a wand of flame {zapped: 6} (moderately wounded)
You reach to attack!
You barely miss Ijyb.
Ijyb is moderately wounded.
Ijyb zaps a wand.
The puff of flame hits you!
You die...

############
###########..........#
#.......)##...÷......#
#.....g.gg#..........#
#######8.....8#g#..........#
#.... #...gggg#§#.(........######
...# #8.....8#.@..........#.....
...# #.....g.#.#####...####.####
...####8..$..8#.....)........####
.....##[......#.....##....[......
..##.##8.....8#.###.##......####.
..##..#..$.$..#.........###....#)
......#########.#.##.##.# ##.#...
..##.........##.#.##.##.# #..##.
..##...(.)....#.#..#.##.# ##.##.


You could see Ijyb and 2 goblins.

Vanquished Creatures
  A giant gecko (D:2)
  An ooze (D:2)
  3 bats
  3 giant cockroaches
  6 hobgoblins
  4 jackals (D:2)
  5 kobolds
  2 quokkas (D:2)
  A giant newt (D:1)
  4 goblins
  12 rats
42 creatures vanquished.

Vanquished Creatures (collateral kills)
  2 adders (D:2)
  4 gnolls (D:2)
6 creatures vanquished.

Vanquished Creatures (others)
  A hound (D:2)
  A quokka (D:2)
2 creatures vanquished.

Grand Total: 50 creatures vanquished

Notes
Turn   | Place    | Note
--------------------------------------------------------------
     0 | D:1      | PolkaDot, the Vampire Summoner, began the quest for the Orb.
     0 | D:1      | Reached XP level 1. HP: 13/13 MP: 3/3
   301 | D:1      | Reached XP level 2. HP: 15/20 MP: 4/4
   393 | D:1      | Reached skill level 1 in Fighting
   637 | D:1      | Learned a level 2 spell: Call Imp
   796 | D:2      | Reached XP level 3. HP: 7/26 MP: 1/6
   909 | D:2      | Learned a level 3 spell: Call Canine Familiar
   947 | D:2      | Reached skill level 5 in Summonings
  1220 | D:2      | Reached XP level 4. HP: 24/33 MP: 7/7
  1545 | D:2      | Noticed Ijyb
  1571 | D:2      | Killed from afar by Ijyb

Action                   |  1- 3 |  4- 6 || total
-------------------------+-------+-------++-------
Melee: Club              |    15 |       ||    15
       Dagger            |    78 |       ||    78
       Spear             |    34 |    44 ||    78
 Cast: Summon Small Mamm |     4 |       ||     4
       Call Canine Famil |     2 |     1 ||     3
  Use: Potion            |     2 |     1 ||     3
       Scroll            |       |     1 ||     1
 Stab: Sleeping          |     4 |     3 ||     7
  Eat: Corpse            |     8 |     3 ||    11
